 Dungeon Crawl Stone Soup version 0.31.0-11-ge490571c62 (webtiles) character file.

Game seed: 7004224368996145405

6222 RBrandon the Grappler (level 10, -2/94 HPs)
             Began as a Troll Shapeshifter on Jan 27, 2024.
             Was a Believer of Wu Jian.
             Killed by divine providence
             ... invoked by an orc priest
              (15 damage)
             ... on level 9 of the Dungeon.
             The game lasted 00:16:04 (6926 turns).

RBrandon the Grappler (Troll Shapeshifter)          Turns: 6926, Time: 00:16:05

Health: -2/94      AC:  2    Str: 24    XL:     10   Next: 61%
Magic:  9/9        EV: 10    Int: 12    God:    Wu Jian [**....]
Gold:   560        SH:  0    Dex: 13    Spells: 9/9 levels left

rFire   . .          .
                       - Unarmed
rCold   . . .        (no shield)
rNeg    . . .        a - melded +0 animal skin
rPois   +            (helmet restricted)
rElec   +            v - scarf {shadows}
rCorr   .            (gloves unavailable)
SInv    .            (boots unavailable)
Will    +....        m - amulet of regeneration
Stlth   +            u - ring "Camal" {rElec rPois Will+ Int+6}
HPRegen 1.95/turn    (no ring)
MPRegen 0.11/turn

%: no passive effects
@: mighty, maw-form, slowed, very slow
A: devouring maw, large, unfitting armour, claws 3, regeneration 1, shaggy fur
1, tough skin 1
a: Begin Untransformation, Renounce Religion, Wall Jump


You were on level 9 of the Dungeon.
You worshipped Wu Jian.
Wu Jian was pleased with you.
You were a creature with a mouth for a stomach.
You visited 2 branches of the dungeon, and saw 10 of its levels.

You collected 560 gold pieces.

Inventory:

Missiles
 o - 27 poisoned darts (quivered)
 D - a throwing net
Armour
 a - a +0 animal skin (melded)
 v - a scarf of shadows (worn)
   (You found it on level 6 of the Dungeon)
Jewellery
 m - an amulet of regeneration (around neck)
 u - the ring "Camal" (left claw) {rElec rPois Will+ Int+6}
   (You found it on level 4 of the Dungeon)

   [ring of intelligence]

   Int+6:     It affects your intelligence (+6).
   rElec:     It insulates you from electricity.
   rPois:     It protects you from poison Will+: It increases your willpower.
 H - a ring of willpower
 I - a ring of see invisible
Talismans
 c - a beast talisman
 d - a flux talisman
 e - a maw talisman (active)
Wands
 g - a wand of roots (9)
Scrolls
 f - a scroll of noise
 l - 5 scrolls of identify {unknown}
 p - 7 scrolls of teleportation {unknown}
 t - 4 scrolls of revelation {unknown}
 w - a scroll of fear {unknown}
 y - a scroll of immolation {unknown}
 B - 2 scrolls of summoning {unknown}
 E - a scroll of blinking
 G - a scroll of silence {unknown}
Potions
 b - 2 potions of haste {unknown}
 h - 2 potions of might
 i - a potion of berserk rage {unknown}
 j - 7 potions of curing {unknown}
 k - 2 potions of brilliance {unknown}
 n - a potion of attraction {unknown}
 q - 2 potions of invisibility {unknown}
 r - 4 potions of enlightenment {unknown}
 s - 2 potions of degeneration {unknown}
 x - a potion of lignification
 z - a potion of mutation {unknown}
 A - a potion of resistance {unknown}
 C - a potion of heal wounds {unknown}
Miscellaneous
 F - a lightning rod (4/4)


   Skills:
 + Level 4.3 Fighting
 + Level 2.9 Dodging
 * Level 10.9 Unarmed Combat
 + Level 10.3 Shapeshifting


You had 9 spell levels left.
You didn't know any spells.
Your spell library contained the following spells:

 Spells                   Type           Power      Damage    Failure   Level
 Sandblast                Erth           0%         2d4       32%         1
 Slow                     Hex            0%         N/A       32%         1
 Confusing Touch          Hex            0%         N/A       69%         3
 Passwall                 Erth           0%         N/A       69%         3
 Sigil of Binding         Hex            0%         N/A       69%         3
 Stone Arrow              Conj/Erth      0%         3d7       69%         3
 Tukima's Dance           Hex            0%         N/A       69%         3
 Vampiric Draining        Necr           0%         2d6       69%         3
 Brom's Barrelling Bould  Conj/Erth      0%         2d3       97%         4
 Dimensional Bullseye     Hex/Tloc       0%         N/A       97%         4
 Iskenderun's Mystic Bla  Conj/Tloc      0%         2d3       97%         4


Dungeon Overview and Level Annotations

Branches:
Dungeon (9/15)             Temple (1/1) D:6
   Lair: D:8-11         Orc: D:9-12

Altars:
Ashenzari
Cheibriados
Dithmenos
Elyvilon
Fedhas
Gozag
Hepliaklqana
Kikubaaqudgha
Makhleb
Nemelex Xobeh
Okawaru
Qazlal
Ru
Sif Muna
Trog
Uskayaw
Vehumet
Wu Jian
Xom
Yredelemnul
Zin
The Shining One
Lugonu

Annotations:
D:2 1 runed translucent door, +2 cloak on yiuf, Crazy Yiuf
D:5 2 transporters, Agent47's ghost, novice HuHu
D:7 2 transporters, Curundu's ghost, novice MiBe


Innate Abilities, Weirdness & Mutations

You are a creature with a mouth for a stomach.
Your midsection houses a second, enormous mouth.
You are too large for most types of armour.
You have claws for hands.
Your natural rate of healing is unusually fast.
You are covered in fur. (AC +1)
You have tough skin. (AC +1)


Message History

Unknown command.
The orc priest shouts! x2; The hornet buzzes angrily.
You hear a shout! x3
You scratch the hornet.
The hornet is lightly wounded.
The hornet stings you!
You feel yourself slow down. The hornet stings you.
You feel as though you will be slow longer.
You claw the hornet!
The hornet is heavily wounded.
The hornet stings you.
The orc priest invokes the aid of Beogh against you.
Beogh smites you!
You barely miss the hornet. You bite the hornet.
The hornet is severely wounded.
The hornet stings you!
* * * LOW HITPOINT WARNING * * *
The hornet closely misses you.
You miss the hornet. Your bite misses the hornet.
The hornet is severely wounded.
The hornet stings you.
* * * LOW HITPOINT WARNING * * *
You feel as though you will be slow longer.
The hornet stings you!
* * * LOW HITPOINT WARNING * * *
You barely miss the hornet. You bite the hornet!
The hornet is almost dead.
The hornet stings you.
* * * LOW HITPOINT WARNING * * *
An orc wizard comes into view. It is wielding a +0 dagger.
The hornet barely misses you.
It was a potion of might.
You feel very mighty all of a sudden. The hornet stings you!
* * * LOW HITPOINT WARNING * * *
The orc priest calls down the wrath of Beogh upon you.
Beogh smites you!
* * * LOW HITPOINT WARNING * * *
The hornet closely misses you.
The orc priest mumbles some strange prayers to Beogh against you.
Beogh smites you!
You die...

. ### . ..# . #.#
..# .###.# ...#
..##.# ...# ..##.###
♣..# ..##.#.## .o#
......#.##########o#
..##.#..........Wyo#
..##.###############
..##.# .>...# ######


You could see a hornet, 2 orc priests and an orc wizard.

Vanquished Creatures
  Pikel (D:4)
  A troll (D:9)
  3 hornets (D:8)
  A vampire (D:9)
  2 wraiths (D:9)
  5 yaks (D:9)
  A steam dragon (D:6)
  6 water moccasins
  2 black bears
  2 ice beasts (D:5)
  2 orc warriors (D:5)
  6 centaurs
  3 lemures (D:3)
  2 phantoms
  A kobold brigand (D:8)
  3 bullfrogs
  3 scorpions
  4 wights (D:8)
  3 killer bees (D:7)
  3 hounds
  3 bombardier beetles
  2 jellies (D:6)
  4 orc priests
  3 gnoll boudas
  An iguana (D:5)
  A sleepcap (D:6)
  10 orc wizards
  11 gnolls
  7 adders
  2 shadow imps
  2 white imps
  4 ufetubi
  4 dart slugs
  4 ribbon worms (D:2)
  18 orcs
  4 ball pythons
  2 bats
  6 endoplasms
  3 giant cockroaches
  4 goblins
  4 hobgoblins
  10 kobolds
  A quokka (D:4)
  A frilled lizard (D:1)
  3 rats (D:1)
168 creatures vanquished.

Notes
Turn   | Place    | Note
-------+----------+-------------------------------------------
     0 | D:1      | RBrandon the Troll Shapeshifter began the quest for the
                  | Orb.
     0 | D:1      | Reached XP level 1. HP: 18/18 MP: 0/0
   147 | D:1      | Reached skill level 1 in Fighting
   203 | D:1      | Reached XP level 2. HP: 27/27 MP: 1/1
   874 | D:2      | Reached XP level 3. HP: 33/33 MP: 2/2
  1413 | D:2      | Found a runed translucent door.
  1414 | D:2      | Noticed Crazy Yiuf
  1555 | D:3      | Reached XP level 4. HP: 40/41 MP: 3/3
  1926 | D:3      | Found a bloodstained altar of Trog.
  2090 | D:4      | Noticed a lemure
  2091 | D:4      | Noticed a lemure
  2144 | D:4      | Noticed a scorpion
  2473 | D:4      | Noticed Pikel
  2473 | D:4      | Noticed a lemure
  2481 | D:3      | Killed a lemure
  2510 | D:3      | Killed a lemure
  2526 | D:4      | Noticed a lemure
  2538 | D:3      | Killed a lemure
  2584 | D:4      | Killed a scorpion
  2585 | D:4      | Reached XP level 5. HP: 49/49 MP: 4/4
  2676 | D:5      | Entered Level 5 of the Dungeon
  2676 | D:5      | Noticed a black bear
  2694 | D:5      | Killed a black bear
  2695 | D:5      | Reached skill level 5 in Unarmed Combat
  2695 | D:5      | Reached XP level 6. HP: 57/57 MP: 5/5
  2768 | D:5      | Noticed a water moccasin
  2778 | D:5      | Noticed an ice beast
  2787 | D:5      | Killed a water moccasin
  2793 | D:5      | Killed an ice beast
  2850 | D:5      | Noticed a hornet
  2853 | D:5      | Noticed Agent47's ghost (novice HuHu)
  2856 | D:5      | Found a transporter.
  2864 | D:5      | Found a transporter.
  2875 | D:5      | Reached XP level 7. HP: 50/63 MP: 6/6
  2984 | D:5      | Reached skill level 5 in Shapeshifting
  3222 | D:4      | Killed Pikel
  3223 | D:4      | Reached XP level 8. HP: 8/72 MP: 7/7
  3340 | D:4      | Identified the ring "Camal" {rElec rPois Will+ Int+6}
  3458 | D:4      | Found an opulent altar of Gozag.
  3458 | D:4      | Found a shimmering altar of Xom.
  4188 | D:6      | Reached XP level 9. HP: 79/79 MP: 8/8
  4789 | D:6      | Found a staircase to the Ecumenical Temple.
  4798 | Temple   | Entered the Ecumenical Temple
  4817 | Temple   | Became a worshipper of the Wu Jian Council
  5186 | D:7      | Found a transporter.
  5186 | D:7      | Found a transporter.
  5445 | D:7      | Noticed a white ugly thing
  5488 | D:7      | Noticed a troll
  5541 | D:7      | Noticed Curundu's ghost (novice MiBe)
  5749 | D:8      | Reached * piety under Wu Jian
  5901 | D:8      | Reached skill level 10 in Unarmed Combat
  5952 | D:8      | Reached XP level 10. HP: 82/90 MP: 9/9
  5973 | D:8      | Found a glowing silver altar of Zin.
  6118 | D:8      | Found a hazy altar of Hepliaklqana.
  6119 | D:8      | Found a shadowy altar of Dithmenos.
  6224 | D:8      | Found a shimmering blue altar of Sif Muna.
  6286 | D:8      | Found a hide-covered altar of Uskayaw.
  6414 | D:8      | Found a burning altar of Makhleb.
  6419 | D:8      | Found a white marble altar of Elyvilon.
  6421 | D:8      | Found a basalt altar of Yredelemnul.
  6423 | D:8      | Found a faded altar of an unknown god.
  6427 | D:8      | Found a faded altar of an unknown god.
  6509 | D:9      | Found a radiant altar of Vehumet.
  6747 | D:9      | Reached skill level 10 in Shapeshifting
  6848 | D:9      | Reached ** piety under Wu Jian
  6868 | D:9      | Found a sparkling altar of Nemelex Xobeh.
  6926 | D:9      | Killed from afar by an orc priest

Illustrated notes

Levels and vault maps discovered:
D:1:      evilmike_arrival_plus, layout_loops_ring, hex_tiny
D:2:      layout_basic, uniq_crazy_yiuf_cottage
D:3:      layout_loops_ring, general_overflow_altar
D:4:      layout_cave_pools, nicolae_overflow_two_pavilions,
          minmay_misc_feat_more_columns, moated_statue, minmay_misc_feat_doors,
          uniq_pikel
D:5:      layout_gridville, gammafunk_ghost_arena
D:6:      layout_gridville, minmay_temple_entry_tees, st_stairs_3
D:7:      layout_loops_cross, nzn_ghost_randoct, nicolae_kite_square_tiling_tiny
D:8:      layout_basic, riverfiend_overflow_shadow_ancestor, zin_statuary,
          chequers_temple_overflow_minitemple, mainiacjoe_overflow_chevrons,
          amcnicky_altar_gilded
D:9:      minmay_gate_of_8, layout_loops_ring, mainiacjoe_overflow_alcove_1,
          lemuel_round_altar, lair_entry_dummy, grunt_ministairs_9,
          minmay_fractal_squares_5
Temple:   kb_corrupted_temple

Skill      XL: |  1  2  3  4  5  6  7  8  9 10 |
---------------+-------------------------------+-----
Fighting       | 1 3 4 |  4.3
Dodging        | 2 |  2.9
Unarmed Combat | 4 5 6 8 10 | 10.9
Shapeshifting  | 4 6 7 9 10 | 10.3

Action                     |  1- 3 |  4- 6 |  7- 9 | 10-12 || total
---------------------------+-------+-------+-------+-------++-------
  Melee: Unarmed           |    58 |    96 |   291 |    84 ||   529
         Punch             |     1 |     2 |     4 |     1 ||     8
         Maw               |       |       |       |    16 ||    16
  Throw: Dart              |       |     1 |     7 |       ||     8
Ability: Lunge             |       |       |    14 |    15 ||    29
         Whirlwind         |       |       |     1 |       ||     1
    Use: Scroll            |       |     2 |     1 |       ||     3
         Potion            |       |     1 |     1 |     1 ||     3
 Armour: Animal skin       |    29 |    44 |    49 |       ||   122
         Skin              |       |    22 |   107 |    41 ||   170
  Dodge: Dodged            |    18 |    45 |   167 |    34 ||   264
   Form: Flux              |       |       |     1 |       ||     1
         Maw               |       |       |       |     1 ||     1

Levels and vault maps discovered:
D:1:      evilmike_arrival_plus, layout_loops_ring, hex_tiny
D:2:      layout_basic, uniq_crazy_yiuf_cottage
D:3:      layout_loops_ring, general_overflow_altar
D:4:      layout_cave_pools, nicolae_overflow_two_pavilions,
          minmay_misc_feat_more_columns, moated_statue, minmay_misc_feat_doors,
          uniq_pikel
D:5:      layout_gridville, gammafunk_ghost_arena
D:6:      layout_gridville, minmay_temple_entry_tees, st_stairs_3
D:7:      layout_loops_cross, nzn_ghost_randoct, nicolae_kite_square_tiling_tiny
D:8:      layout_basic, riverfiend_overflow_shadow_ancestor, zin_statuary,
          chequers_temple_overflow_minitemple, mainiacjoe_overflow_chevrons,
          amcnicky_altar_gilded
D:9:      minmay_gate_of_8, layout_loops_ring, mainiacjoe_overflow_alcove_1,
          lemuel_round_altar, lair_entry_dummy, grunt_ministairs_9,
          minmay_fractal_squares_5
Temple:   kb_corrupted_temple

Table legend: (Time is in decaauts)
 A = Elapsed time spent in this place.
 B = Non-inter-level travel time spent in this place.
 C = Inter-level travel time spent in this place.
 D = Time resting spent in this place.
 E = Time spent auto-exploring this place.
 F = Levels seen in this place.
 G = Mean time per level.
                   A        B        C        D        E       F      G
               +--------+--------+--------+--------+--------+-----+--------+
         Total |   6867 |   6382 |    485 |    124 |   4793 |  10 |  686.7 |
       Dungeon |   6828 |   6361 |    467 |    124 |   4793 |   9 |  758.7 |
        Temple |     38 |     20 |     18 |      0 |      0 |   1 |   38.0 |
               +--------+--------+--------+--------+--------+-----+--------+

Top non-repeatable levels by time:
     D:2: 1009 daAuts
     D:5: 956 daAuts
     D:3: 875 daAuts
     D:6: 830 daAuts
     D:8: 761 daAuts
     D:7: 728 daAuts
     D:1: 664 daAuts
     D:4: 587 daAuts
     D:9: 416 daAuts
  Temple: 38 daAuts

Table legend:
 A = Kills in this place as a percentage of kills in the entire game.
 B = Kills by you in this place as a percentage of kills by you in the entire game.
 C = Kills by friends in this place as a percentage of kills by friends in the entire game.
 D = Other kills in this place as a percentage of other kills in the entire game.
 E = Experience gained in this place as a percentage of experience gained in the entire game.
 F = Experience gained in this place divided by the number of levels of this place that you have seen.
                   A       B       C       D       E      F
               +-------+-------+-------+-------+-------+----------------------
         Total | 100.0 | 100.0 |   N/A |   N/A | 100.0 | 888.9
       Dungeon | 100.0 | 100.0 |   N/A |   N/A | 100.0 | 987.7
               +-------+-------+-------+-------+-------+----------------------
